 Dungeon Crawl Stone Soup version 0.24.0-123-gd5b16e6ec5 (webtiles) character file.

Game seed: 7921421891488122860, levelgen mode: deterministic

798 ChairmanCharles the Basher (level 7, -5/57 HPs)
             Began as a Minotaur Berserker on Feb 13, 2020.
             Was a Priest of Trog.
             Slain by an orc warrior
             ... wielding a +0 dire flail
              (8 damage)
             ... on level 6 of the Dungeon.
             The game lasted 00:36:42 (3893 turns).

ChairmanCharles the Basher (Minotaur Berserker)     Turns: 3893, Time: 00:36:42

Health: -5/57      AC:  8    Str: 22    XL:     7   Next: 58%
Magic:  6/6        EV:  8    Int:  4    God:    Trog [***...]
Gold:   171        SH:  0    Dex: 11    Spells: 6/6 levels left

rFire    . . .     SeeInvis .   a - +0 mace
rCold    . . .     Gourm    .   (no shield)
rNeg     . . .     Faith    .   n - +0 chain mail
rPois    .         Spirit   .   (helmet restricted)
rElec    .         Reflect  .   (no cloak)
rCorr    .         Harm     .   (no gloves)
MR       .....                  (no boots)
Stlth    ..........             (no amulet)
HPRegen  0.19/turn              (no ring)
MPRegen  0.10/turn              (no ring)

@: no status effects
A: retaliatory headbutt, horns 2
a: Berserk, Trog's Hand, Renounce Religion


You were on level 6 of the Dungeon.
You worshipped Trog.
Trog was most pleased with you.
You were not hungry.

You visited 2 branches of the dungeon, and saw 6 of its levels.

You collected 171 gold pieces.

Inventory:

Hand Weapons
 a - a +0 mace (weapon)
 q - a +0 flail
Missiles
 f - 15 arrows
 w - 5 boomerangs (quivered)
Armour
 n - a +0 chain mail (worn)
Magical Staves
 p - an uncursed staff of earth {unknown}
Jewellery
 t - an uncursed amulet of the gourmand {unknown}
Wands
 o - a wand of flame (7)
Scrolls
 d - 2 scrolls of remove curse {unknown}
 e - a scroll of blinking {unknown}
 h - 3 scrolls of identify
 j - a scroll of immolation {unknown}
 l - a scroll of magic mapping {unknown}
 m - a scroll of amnesia {unknown}
 v - a scroll of random uselessness {unknown}
Potions
 b - a potion of brilliance {unknown}
 g - a potion of resistance {unknown}
 i - a potion of cancellation {unknown}
 k - a potion of invisibility {unknown}
 r - a potion of curing {unknown}
 s - a potion of flight {unknown}
 u - 4 potions of degeneration
 x - a potion of might {unknown}
 z - a potion of magic {unknown}
Comestibles
 c - 6 rations


   Skills:
 - Level 3.6 Fighting
 * Level 10.7 Maces & Flails
 - Level 2.4 Armour
 - Level 2.1 Dodging


You had 6 spell levels left.
You didn't know any spells.
Your spell library was empty.

Dungeon Overview and Level Annotations

Branches:
Dungeon (6/15)             Temple (1/1) D:6

Altars:
Ashenzari
Elyvilon
Fedhas
Gozag
Hepliaklqana
Makhleb
Okawaru
Qazlal
Ru
Sif Muna
Uskayaw
Vehumet
Wu Jian
Xom
Yredelemnul
Zin
The Shining One


Innate Abilities, Weirdness & Mutations

You reflexively headbutt those who attack you in melee.
You have a pair of horns on your head.


Message History

The orc warrior hits you with a +0 dire flail!
* * * LOW HITPOINT WARNING * * *
The orc warrior closely misses you.
The orc warrior hits you with a +0 dire flail.
* * * LOW HITPOINT WARNING * * *
The orc hits you with a cursed +0 hand axe.
* * * LOW HITPOINT WARNING * * *
An orc comes into view. It is wielding a +0 dagger.
The orc warrior closely misses you.
The orc warrior hits you with a +0 dire flail.
* * * LOW HITPOINT WARNING * * *
The orc warrior closely misses you. The orc hits you but does no damage.
The orc warrior completely misses you.
There is a stone staircase leading down here.
You can't go up here!
The orc hits you with a cursed +0 mace.
* * * LOW HITPOINT WARNING * * *
The orc warrior hits you with a +0 dire flail!
You die...

#... ......
#...#.#....#
#..#.#.#..
#.#.#.#.#.
#..#.>.#..
#####.#.#.#.#
#......#.#.#..
#.......#.#.....
#@o...............
#oo....########..#
#o...### ...
#....# .#
#....#### .#
#.......### .#
###.###...######.#
#..####.#....%..
##.# #.........


You could see an orc warrior and 3 orcs.

Vanquished Creatures
  Sigmund (D:2)
  The ghost of vurker the Magician, an amateur DEAE (D:3)
  A centaur (D:6)
  A bullfrog (D:6)
  A scorpion (D:4)
  A howler monkey (D:6)
  A crimson imp (D:2)
  A hound (D:6)
  A jelly (D:6)
  An orc wizard (D:3)
  A worker ant (D:6)
  2 hound skeletons (D:3)
  Robin (D:2)
  2 adders (D:3)
  An ooze (D:1)
  An adder skeleton (D:3)
  3 worms
  A dart slug (D:3)
  6 orcs (D:3)
  8 bats
  2 giant cockroaches
  11 goblins
  5 hobgoblins
  3 jackals (D:3)
  12 kobolds
  5 quokkas
  3 ball pythons
  4 frilled lizards
  3 rats
84 creatures vanquished.

Notes
Turn   | Place    | Note
-------+----------+-------------------------------------------
     0 | D:1      | ChairmanCharles the Minotaur Berserker began the quest for
                  | the Orb.
     0 | D:1      | Reached XP level 1. HP: 19/19 MP: 0/0
    30 | D:1      | Reached skill level 4 in Maces & Flails
   316 | D:1      | Reached XP level 2. HP: 13/26 MP: 1/1
   838 | D:1      | Reached skill level 5 in Maces & Flails
   963 | D:2      | Noticed Sigmund
   970 | D:2      | Killed Sigmund
   970 | D:2      | Reached skill level 7 in Maces & Flails
   970 | D:2      | Reached XP level 3. HP: 31/31 MP: 2/2
   970 | D:2      | Reached XP level 4. HP: 39/39 MP: 3/3
   970 | D:2      | Reached XP level 5. HP: 45/45 MP: 4/4
   972 | D:2      | Reached ** piety under Trog
  1082 | D:2      | Found a stormy altar of Qazlal.
  1082 | D:2      | Found a sacrificial altar of Ru.
  1262 | D:2      | Noticed Robin
  1272 | D:2      | Killed Robin
  1900 | D:2      | Found a burning altar of Makhleb.
  1907 | D:2      | Reached skill level 8 in Maces & Flails
  2162 | D:3      | Reached XP level 6. HP: 51/51 MP: 5/5
  2178 | D:3      | Found a transporter.
  2178 | D:3      | Noticed vurker's ghost (amateur DEAE)
  2224 | D:3      | Found a transporter.
  2264 | D:3      | Killed vurker's ghost
  2264 | D:3      | Reached skill level 9 in Maces & Flails
  2502 | D:3      | Reached *** piety under Trog
  3230 | D:4      | Reached XP level 7. HP: 53/57 MP: 6/6
  3253 | D:4      | You fall into a shaft and drop 2 floors!
  3253 | D:6      | Found a staircase to the Ecumenical Temple.
  3262 | Temple   | Entered the Ecumenical Temple
  3836 | D:6      | Reached skill level 10 in Maces & Flails
  3893 | D:6      | Slain by an orc warrior

Levels and vault maps discovered:
D:1:      psy_arrival_spokes, layout_basic, minmay_heptomino_l4
D:2:      layout_loops_ring, nicolae_overflow_hidden_temple,
          makhleb_grotto_becter, uniq_robin, uniq_sigmund
D:3:      minmay_wonky_spiral, layout_loops_ring, gammafunk_ghost_mausoleum,
          minmay_misc_feat_four_crosses
D:4:      layout_basic, kennysheep_little_box, first_ration,
          kennysheep_slug_shrine, uniq_pikel
D:6:      layout_rooms, minmay_temple_entry_grid, grunt_ministairs_13,
          minmay_misc_feat_more_columns
Temple:   minmay_temple_curvy_branch

Skill      XL: |  1  2  3  4  5  6  7 |
---------------+----------------------+-----
Maces & Flails | 4 7 8 9 10 | 10.7
Fighting       | |  3.6
Armour         | |  2.4
Dodging        | |  2.1

Action                   |  1- 3 |  4- 6 |  7- 9 || total
-------------------------+-------+-------+-------++-------
Melee: Mace              |    35 |   123 |    38 ||   196
       Headbutt          |     2 |    29 |    10 ||    41
Invok: Berserk           |     1 |     2 |       ||     3
       Trog's Hand       |       |     2 |       ||     2
  Use: Scroll            |       |     1 |       ||     1
  Eat: Chunk             |       |     7 |       ||     7
       Ration            |       |     1 |     1 ||     2
Armor: Animal skin       |     4 |       |       ||     4
       Ring mail         |     5 |     6 |       ||    11
       Chain mail        |       |    45 |    33 ||    78
Dodge: Dodged            |    30 |    52 |    28 ||   110
